 Dungeon Crawl Stone Soup version 0.16.2-12-gd0ad4c3 (webtiles) character file.

10 yevrey the Conjurer (level 2, 0/20 HPs)
             Began as a Draconian Conjurer on Oct 25, 2015.
             Slain by a giant gecko (3 damage)
             ... on level 1 of the Dungeon.
             The game lasted 00:05:48 (492 turns).

yevrey the Conjurer (Draconian Conjurer)             Turns: 492, Time: 00:05:48

Health: 0/20       AC:  4    Str: 10    XL:     2   Next: 10%
Magic:  0/4        EV: 12    Int: 15    God:
Gold:   40         SH:  0    Dex: 11    Spells: 2 memorised, 2 levels left

rFire  . . .     SeeInvis .     (no weapon)
rCold  . . .     Clarity  .     (armour unavailable)
rNeg   . . .     SustAb   .     (no shield)
rPois  .         Gourm    .     (helmet restricted)
rElec  .         Spirit   .     (no cloak)
rCorr  .         Warding  .     (no gloves)
rMut   .         Stasis   .     (no boots)
MR     .....                    (no amulet)
Stlth  ++........               (no ring)
                                (no ring)

@: about to teleport, very slightly contaminated, not resistant to hostile
enchantments, unstealthy
A: unfitting armour, cold-blooded, AC +4
a: no special abilities


You were on level 1 of the Dungeon.
You were not hungry.

You visited 1 branch of the dungeon, and saw 1 of its levels.

You collected 40 gold pieces.

Inventory:

Armour
 e - a +0 cloak
Scrolls
 g - a scroll of identify
Books
 c - a book of Conjurations

   Spells                             Type                      Level
   a - Magic Dart                     Conjuration                  1
   b - Searing Ray                    Conjuration                  2
   c - Dazzling Spray                 Conjuration/Hexes            3
   d - Fulminant Prism                Conjuration/Hexes            4
   e - Iskenderun's Mystic Blast      Conjuration                  4
   f - Iskenderun's Battlesphere      Conjuration/Charms           5
Comestibles
 b - a bread ration
 d - 2 meat rations


   Skills:
 + Level 1.7 Dodging
 + Level 1.7 Stealth
 * Level 2.2 Spellcasting
 + Level 4.3 Conjurations


You had 2 spell levels left.
You knew the following spells:

 Your Spells              Type           Power        Failure   Level  Hunger
a - Magic Dart            Conj           ##..         4%          1    #......
b - Searing Ray           Conj           ##....       8%          2    ###....


Dungeon Overview and Level Annotations

Branches:
Dungeon (1/15)

Altars:


Innate Abilities, Weirdness & Mutations

Your plain brown scales are hard (AC +4).
Your body does not fit into most forms of armour.
Your cold-blooded metabolism reacts poorly to cold.


Message History

Aim: a giant gecko (moderately wounded, clinging)
You miscast Magic Dart.
Nothing appears to happen.
The giant gecko bites you.
* * * LOW HITPOINT WARNING * * *
The giant gecko bites you.
* * * LOW HITPOINT WARNING * * *
Drink which item? (? for menu, Esc to quit)
It was a potion of restore abilities.
You feel refreshed. The giant gecko bites you.
* * * LOW HITPOINT WARNING * * *
The giant gecko bites you but does no damage.
Read which item? (? for menu, Esc to quit)
As you read the scroll labeled WIUN TE SOQ, it crumbles to dust.
It is a scroll of identify.
Identify which item? (\ to view known items) (? for menu, Esc to quit)
a - a scroll of teleportation The giant gecko closely misses you.
The goblin barely misses you.
Read which item? (? for menu, Esc to quit)
As you read the scroll of teleportation, it crumbles to dust.
You feel strangely unstable. The giant gecko bites you.
You die...

#.......................#
........................+.....
........................#........
.................................
..>..............................
...............#.................
...............#s................
...............#lg.............#
+#.............#@..............#
...............#...............#
...............#.........####..#
......#........................#
.....................#.........#
.......####..........#........)#.
.......# ##..........#...........
.......###...........#........#..
...## #.............#........#..


You could see a giant gecko, a giant cockroach and a goblin.

Vanquished Creatures
  A giant gecko (D:1)
  2 hobgoblins (D:1)
  2 jackals (D:1)
  2 kobolds (D:1)
  A giant newt (D:1)
8 creatures vanquished.

Notes
Turn   | Place    | Note
--------------------------------------------------------------
     0 | D:1      | yevrey, the Draconian Conjurer, began the quest for the Orb.
     0 | D:1      | Reached XP level 1. HP: 14/14 MP: 3/3
   365 | D:1      | Reached XP level 2. HP: 17/20 MP: 1/4
   421 | D:1      | Learned a level 2 spell: Searing Ray
   492 | D:1      | Slain by a giant gecko

Action                   || total
-------------------------++-------
Melee: Unarmed           ||    20
 Cast: Magic Dart        ||    18
  Use: Scroll            ||     3
       Potion            ||     1
